 Dungeon Crawl Stone Soup version 0.30-a0-965-g42e074c17a (webtiles) character file.

Game seed: 18097362590618215257

457 bearlyready the Chopper (level 6, 0/53 HPs)
             Began as an Armataur Berserker on Mar 31, 2023.
             Was a Believer of Trog.
             Slain by an iguana (12 damage)
             ... on level 4 of the Dungeon.
             The game lasted 00:06:09 (2362 turns).

bearlyready the Chopper (Armataur Berserker)        Turns: 2362, Time: 00:06:10

Health: 0/53       AC:  6    Str: 28    XL:     6   Next: 77%
Magic:  6/6        EV:  9    Int:  5    God:    Trog [**....]
Gold:   156        SH:  0    Dex: 12    Spells: 5/5 levels left

rFire   . . .      SeeInvis +    a - +0 hand axe
rCold   . . .      Faith    .    (no shield)
rNeg    . . .      Spirit   .    q - +0 ring mail
rPois   .          Reflect  .    (no helmet)
rElec   .          Roll     +    (no cloak)
rCorr   .                        (no gloves)
Will    .....                    (no barding)
Stlth   +                        (no amulet)
HPRegen 0.28/turn                (no ring)
MPRegen 0.10/turn                (no ring)

@: no status effects
A: large, rugged brown scales 3, deformed body, armoured tail, roll, long
tongue, awkward tongue, see invisible, agile 1, strong 1
a: Renounce Religion, Berserk, Trog's Hand


You were on level 4 of the Dungeon.
You worshipped Trog.
Trog was pleased with you.
You visited 1 branch of the dungeon, and saw 6 of its levels.

You collected 156 gold pieces.

Inventory:

Hand Weapons
 a - a +0 hand axe (weapon)
Missiles
 c - 27 stones (quivered)
 u - 3 poisoned darts
Armour
 b - a +0 animal skin
 q - a +0 ring mail (worn)
Jewellery
 v - a ring of flight
Wands
 k - a wand of paralysis (12)
Scrolls
 d - 10 scrolls of identify {unknown}
 e - a scroll of enchant weapon {unknown}
 f - 2 scrolls of poison {unknown}
 g - 3 scrolls of fear {unknown}
 h - a scroll of torment {unknown}
 j - a scroll of enchant armour {unknown}
 m - 2 scrolls of amnesia {unknown}
 p - a scroll of butterflies {unknown}
Potions
 i - a potion of invisibility
 l - a potion of resistance {unknown}
 n - 2 potions of lignification {unknown}
 o - a potion of ambrosia {unknown}
 r - 3 potions of curing
 s - a potion of mutation
 t - a potion of flight {unknown}


   Skills:
 - Level 2.6 Fighting
 + Level 6.4 Axes
 - Level 2.4 Armour
 - Level 1.3 Dodging


You had 5 spell levels left.
You didn't know any spells.
Your spell library was empty.

Dungeon Overview and Level Annotations

Branches:
Dungeon (6/15)
 Temple: D:4-7

Altars:
Ru


Innate Abilities, Weirdness & Mutations

You are completely covered in rugged brown scales. (AC +3, +7% HP)
Armour fits poorly on your strangely shaped body.
You have a long armoured tail.
You roll when moving toward enemies. (Rampage)
Your long tongue fully drains potion bottles. (2x potion effects)
Your tongue gives you trouble enunciating. (1.5x scroll delay)
You have supernaturally acute eyesight. (SInv)
You are agile. (Dex +4, Str/Int -1)
Your muscles are strong. (Str +4, Int/Dex -1)


Message History

The orc priest calls down the wrath of Beogh upon you.
Pain shoots through your body!
The iguana moves out of view.
You are too injured to fight recklessly!
An orc comes into view. It is wielding a +0 flail.
The orc shouts!
The orc priest hits you but does no damage.
You are too injured to fight recklessly!
You are too injured to fight recklessly!
You hit the orc priest.
You tail-slap the orc priest, but do no damage.
The orc priest is heavily wounded.
You hit the orc priest.
The orc priest is almost dead.
You hit the iguana but do no damage. The iguana barely misses you.
The orc priest closely misses you.
You closely miss the orc priest.
You tail-slap the orc priest, but do no damage.
The orc priest is almost dead.
You hit the iguana but do no damage.
An orc wizard comes into view. It is wielding a +0 dagger.
The orc priest looks encouraged for a moment.
The iguana bites you!
You hit the iguana.
The iguana is lightly wounded.
You closely miss the orc priest. The iguana barely misses you.
The orc priest mumbles some strange prayers to Beogh against you.
Beogh smites you!
* * * LOW HITPOINT WARNING * * *
It was a potion of curing.
You feel better.
You slurp down every last drop of the potion of curing!
The iguana bites you.
* * * LOW HITPOINT WARNING * * *
The orc priest hits you with a +0 hand axe.
* * * LOW HITPOINT WARNING * * *
It was a potion of mutation.
You feel extremely strange.
Your vision sharpens.
A pair of antennae grows on your head! The antennae on your head shrink away.
You feel agile.
You feel stronger.
You slurp down every last drop of the potion of mutation!
The iguana bites you!
You die...

.# .. .... #
.#.# #. ...
.###.###..
......oo.
......lo# #@#
#.# ..
#.####....
#))....#
#).##### #..+
#..##### #
#......#####..
#.####........


You could see an iguana, an orc priest, an orc wizard and an orc.

Vanquished Creatures
  Grinder (D:6)
  A phantom (D:4)
  An orc priest (D:4)
  An iguana (D:4)
  6 gnolls
  An adder (D:2)
  A dart slug (D:4)
  5 orcs (D:4)
  2 endoplasms
  3 giant cockroaches
  4 goblins
  5 hobgoblins
  2 kobolds
  4 quokkas
  7 ball pythons
  3 bats
  A frilled lizard (D:1)
  5 rats
53 creatures vanquished.

Notes
Turn   | Place    | Note
-------+----------+-------------------------------------------
     0 | D:1      | bearlyready the Armataur Berserker began the quest for the
                  | Orb.
     0 | D:1      | Reached XP level 1. HP: 19/19 MP: 1/1
   184 | D:1      | Reached skill level 3 in Axes
   184 | D:1      | Reached XP level 2. HP: 26/26 MP: 2/2
  1119 | D:2      | Reached XP level 3. HP: 13/32 MP: 3/3
  1124 | D:2      | HP: 1/32 [poisoned by an adder]
  1361 | D:2      | Reached ** piety under Trog
  1644 | D:3      | You fall into a shaft and drop 3 floors!
  1661 | D:6      | Noticed Grinder
  1677 | D:6      | Killed Grinder
  1678 | D:6      | Reached skill level 5 in Axes
  1678 | D:6      | Reached XP level 4. HP: 38/39 MP: 4/4
  1678 | D:6      | Reached XP level 5. HP: 43/44 MP: 5/5
  1747 | D:5      | Entered Level 5 of the Dungeon
  1747 | D:5      | Noticed a phantom
  1767 | D:5      | Noticed a black bear
  1770 | D:5      | Reached XP level 6. HP: 39/53 MP: 6/6
  2076 | D:4      | Reached skill level 6 in Axes
  2277 | D:4      | Found a sacrificial altar of Ru.
  2362 | D:4      | Gained mutation: You have supernaturally acute eyesight.
                  | (SInv) [potion of mutation]
  2362 | D:4      | Gained mutation: You have a pair of small antennae on your
                  | head. [potion of mutation]
  2362 | D:4      | Lost mutation: You have a pair of small antennae on your
                  | head. [potion of mutation]
  2362 | D:4      | Gained mutation: You are agile. (Dex +4, Str/Int -1)
                  | [potion of mutation]
  2362 | D:4      | Gained mutation: Your muscles are strong. (Str +4, Int/Dex
                  | -1) [potion of mutation]
  2362 | D:4      | Slain by an iguana

Illustrated notes

Levels and vault maps discovered:
D:1:      dpeg_arrival_water_temple_mockup, layout_loops_corners,
          minmay_misc_feat_cross, minmay_liquid_box, minmay_box_of_dots
D:2:      layout_rooms
D:3:      layout_loops_ring, chequers_jeans
D:4:      layout_loops_ring, nicolae_ru_path_of_blood,
          mainiacjoe_overflow_surrounded_room,
          chequers_temple_overflow_statue_of_worship,
          nemelex_diamond_rough_becter, minmay_temple_entry_poolview,
          hex_medium, minmay_misc_feat_nine_boxes
D:5:      layout_layer_cave
D:6:      layout_cave_pools, kennysheep_little_box, uniq_grinder

Skill      XL: |  1  2  3  4  5  6 |
---------------+-------------------+-----
Axes           | 3 5 6 |  6.4
Fighting       | |  2.6
Armour         | |  2.4
Dodging        | |  1.3

Action                     |  1- 3 |  4- 6 || total
---------------------------+-------+-------++-------
  Melee: Hand axe          |   112 |    48 ||   160
         Tailslap          |    10 |     6 ||    16
 Invoke: Berserk           |     2 |     2 ||     4
    Use: Potion            |     1 |     2 ||     3
   Stab: Invisible         |     1 |       ||     1
 Armour: Animal skin       |    49 |     3 ||    52
         Ring mail         |       |    10 ||    10
  Dodge: Dodged            |    45 |    22 ||    67

Table legend: (Time is in decaauts)
 A = Elapsed time spent in this place.
 B = Non-inter-level travel time spent in this place.
 C = Inter-level travel time spent in this place.
 D = Time resting spent in this place.
 E = Time spent auto-exploring this place.
 F = Levels seen in this place.
 G = Mean time per level.
                   A        B        C        D        E       F      G
               +--------+--------+--------+--------+--------+-----+--------+
         Total |   2407 |   2322 |     85 |     87 |   1876 |   6 |  401.2 |
       Dungeon |   2407 |   2322 |     85 |     87 |   1876 |   6 |  401.2 |
               +--------+--------+--------+--------+--------+-----+--------+

Top non-repeatable levels by time:
     D:1: 998 daAuts
     D:4: 601 daAuts
     D:2: 560 daAuts
     D:6: 128 daAuts
     D:3: 109 daAuts
     D:5: 8 daAuts
